 Dungeon Crawl Stone Soup version 0.17.1-3-g152610e (webtiles) character file.

107 Wuptiduh the Cudgeler (level 4, -19/37 HPs)
             Began as a Centaur Gladiator on Mar 28, 2016.
             Was an Initiate of Elyvilon.
             Demolished by a polar bear (21 damage)
             ... created by the rage of Trog
             ... on level 3 of the Dungeon.
             The game lasted 00:12:19 (2655 turns).

Wuptiduh the Cudgeler (Centaur Gladiator)           Turns: 2655, Time: 00:12:23

Health: -19/37     AC:  8    Str: 19    XL:     4   Next: 56%
Magic:  4/4        EV:  8    Int:  7    God:    Elyvilon [......]
Gold:   148        SH:  0    Dex:  9    Spells: 0 memorised, 3 levels left

rFire  . . .     SeeInvis .     a - +0 flail
rCold  . . .     Clarity  .     k - +0 scale mail
rNeg   . . .     SustAt   .     (no shield)
rPois  .         Gourm    .     c - +0 helmet
rElec  .         Spirit   .     l - +0 cloak
rCorr  .         Warding  .     (no gloves)
rMut   .         Stasis   .     (no barding)
MR     .....                    (no amulet)
Stlth  ..........               (no ring)
                                (no ring)

@: very quick, not resistant to hostile enchantments, extremely unstealthy
A: hooves 3, deformed body, speed 2, tough skin 3
a: Renounce Religion


You were on level 3 of the Dungeon.
You worshipped Elyvilon.
Elyvilon was noncommittal.
You were not hungry.

You visited 1 branch of the dungeon, and saw 3 of its levels.

You collected 148 gold pieces.

Inventory:

Hand Weapons
 a - a +0 flail (weapon)
 h - a +0 short sword
 u - a +1 dagger of freezing
 w - a cursed -2 spear
 x - a +0 flail
 y - a cursed +0 club
Missiles
 d - 4 throwing nets (quivered)
Armour
 b - a +0 leather armour
 c - a +0 helmet (worn)
 k - a +0 scale mail (worn)
 l - a +0 cloak (worn)
Scrolls
 f - a scroll of teleportation {unknown}
 g - 2 scrolls of immolation
 q - a scroll of random uselessness {unknown}
 s - 2 scrolls of remove curse
 t - 2 scrolls of identify
Potions
 i - 2 potions of agility {unknown}
 m - 2 potions of might {unknown}
 p - a potion of heal wounds
 r - 3 potions of cancellation {unknown}
Comestibles
 e - 3 bread rations
 j - 2 meat rations
 n - 3 fruits
 o - 3 beef jerkies
 v - 4 chunks of flesh


   Skills:
 + Level 2.8 Fighting
 + Level 3.2 Maces & Flails
 + Level 2.2 Throwing
 + Level 1.3 Armour
 + Level 2.8 Dodging


You had 3 spell levels left.
You didn't know any spells.

Dungeon Overview and Level Annotations

Branches:
Dungeon (3/15)

Altars:
Dithmenos
Elyvilon
Okawaru
Ru
Trog


Innate Abilities, Weirdness & Mutations

You have hooves in place of feet.
Armour fits poorly on your strangely shaped body.
You cover ground very quickly.
You have extremely tough skin (AC +3).


Message History

A rat comes into view.
Trog sends monsters to punish you. 3 polar bears and 2 black bears come into view.
You see here a mace.
You hit the polar bear but do no damage.
You kick the polar bear, but do no damage.
The black bear rages.
The polar bear bites you but does no damage.
The polar bear claws you but does no damage.
The polar bear completely misses you. The rat barely misses you.
The polar bear bites you! The polar bear barely misses you.
The polar bear claws you.
You barely miss the polar bear. The black bear bites you.
The black bear claws you.
* * * LOW HITPOINT WARNING * * *
The black bear claws you.
* * * LOW HITPOINT WARNING * * *
The polar bear bites you!!
Ouch! That really hurt!
You die...

##.###.....)..#
#.###..#.#.#.#.#..
#............g..<.
#.####§#)#)#.#....
#..§§§..#.#.# ...
#.###§.##.# # ..
#.# ##.##.# . #h#
#.##.# ########@##
......
#......hhr##...#.#
#......hh........#
#.........##.#..##
#......((.##.##
######........#
#."......#
#........#
#........#


You could see 3 polar bears, 2 black bears and a rat.

Vanquished Creatures
  3 adders
  3 gnolls (D:3)
  An ooze (D:2)
  2 worms (D:2)
  A giant gecko (D:2)
  An orc (D:3)
  2 giant cockroaches
  5 goblins
  6 hobgoblins
  4 jackals (D:2)
  3 bats
  2 giant newts
  5 kobolds
  6 rats
44 creatures vanquished.

Notes
Turn   | Place    | Note
--------------------------------------------------------------
     0 | D:1      | Wuptiduh the Centaur Gladiator began the quest for the Orb.
     0 | D:1      | Reached XP level 1. HP: 17/17 MP: 1/1
   409 | D:1      | Reached XP level 2. HP: 21/24 MP: 2/2
  1323 | D:2      | Reached XP level 3. HP: 28/30 MP: 3/3
  1865 | D:2      | Found a bloodstained altar of Trog.
  1885 | D:2      | Became a worshipper of Trog the Wrathful
  2170 | D:2      | Reached skill level 3 in Maces & Flails
  2236 | D:2      | Found a sacrificial altar of Ru.
  2237 | D:2      | Found a white marble altar of Elyvilon.
  2237 | D:2      | Found an iron altar of Okawaru.
  2238 | D:2      | Found a shadowy altar of Dithmenos.
  2257 | D:2      | Fell from the grace of Trog
  2257 | D:2      | Became a worshipper of Elyvilon the Healer
  2350 | D:3      | Reached skill level 1 in Armour
  2350 | D:3      | Reached XP level 4. HP: 24/37 MP: 4/4
  2653 | D:3      | Noticed a black bear
  2653 | D:3      | Noticed a black bear
  2653 | D:3      | Noticed a polar bear
  2653 | D:3      | Noticed a polar bear
  2653 | D:3      | Noticed a polar bear
  2655 | D:3      | Demolished by a polar bear

Action                   |  1- 3 |  4- 6 || total
-------------------------+-------+-------++-------
Melee: Flail             |   120 |    45 ||   165
  Use: Scroll            |     2 |     1 ||     3
       Potion            |       |     2 ||     2
  Eat: Chunk             |     3 |     1 ||     4
